[Event "Super United Croatia GCT Blitz 2022"]
[Site "Zagreb"]
[Date "2022.07.24"]
[Round "12"]
[White "So, Wesley"]
[Black "Carlsen, Magnus"]
[Result "1/2-1/2"]
[ECO "C47"]
[WhiteElo "2773"]
[BlackElo "2864"]
[Annotator "TA"]
[PlyCount "121"]
[EventDate "2022.07.20"]
[EventType "tourn"]
[EventCountry "CRO"]
[SourceTitle "playchess.com"]
[Source "ChessBase"]
[SourceQuality "1"]
[TimeControl "300+2"]

1. e4 e5 2. Nf3 Nc6 3. Nc3 Nf6 4. d4 exd4 5. Nxd4 Bb4 6. Nxc6 bxc6 7. Bd3 d5 8. Bd2 O-O 9. O-O Bxc3 {[%emt 0:00:12] C47: Scotch Four Knights and Four Knights with 4 g3.} 10. Bxc3 dxe4 $1 {[%emt 0:00:02][%mdl 4] is more profitable than 10...Nxe4 at the moment.} (10... Nxe4 {keeps more tension.} 11. Bxe4 dxe4 12. Qe2 Bf5) 11. Bxf6 {[%emt 0:00:02][%mdl 64] [#] Remove Defender} Qxf6 12. Bxe4 Qxb2 13. Bxc6 Rb8 14. Rb1 Qxb1 15. Qxb1 Rxb1 16. Rxb1 $11 {[%emt 0:00:02][%mdl 4096] Endgame KRB-KRB} Rd8 {[%emt 0:00:07] [#]} 17. h4 $146 (17. Bf3 Kf8 18. Rb8 Re8 19. h4 Ba6 20. Rb3 Be2 21. Bxe2 Rxe2 22. Rc3 Re7 23. f3 {½-½ (52) So,W (2765)-Carlsen,M (2872) Wijk aan Zee 2020}) ({Predecessor:} 17. Bf3 Bf5 18. Rb7 Bxc2 19. Rxc7 Be4 20. Be2 g5 21. h3 a5 22. Ra7 Ra8 23. Re7 {½-½ (37) Andreikin,D (2724)-Rapport,R (2762) Belgrade 2022}) 17... Kf8 18. Rb3 Ke7 19. Ra3 Rd1+ 20. Kh2 Rd4 21. Rxa7 (21. Kg3 $11) 21... Rxh4+ $15 22. Kg3 Rc4 23. Ba4 Bf5 24. Ra8 h5 25. Re8+ $1 Kf6 26. Bb3 Rc5 27. Re1 Bxc2 28. Rc1 Rg5+ 29. Kh2 Bxb3 30. axb3 {[%emt 0:00:01] KR-KR} c5 $1 31. Rc4 Rf5 32. f3 g5 33. b4 cxb4 34. Rxb4 Kg6 35. Rb6+ Rf6 36. Rb5 Ra6 37. Rb8 f6 38. g3 Ra2+ 39. Kg1 Ra6 ({Black should try} 39... Re2 $17) 40. Rh8 (40. Kh2 $1 $11) 40... Ra7 41. Rg8+ Rg7 42. Rh8 Rh7 43. Rg8+ Kf5 44. Ra8 Rb7 45. Rh8 Kg6 46. Rg8+ Rg7 47. Rh8 Rh7 48. Rg8+ Kf5 49. Ra8 $1 h4 50. Ra5+ Kg6 51. Kg2 hxg3 52. Kxg3 Rb7 53. Ra8 Rb3 54. Rg8+ Kf5 55. Ra8 Re3 56. Ra5+ Kg6 57. Ra8 Re7 58. Rg8+ Kf5 59. Ra8 Kg6 60. Rg8+ Kf5 61. Ra8 {[%emt 0:00:00] Weighted Error Value: White=0.06 (flawless) /Black=0.10 (very precise)} 1/2-1/2

[Event "Super United Croatia GCT Blitz 2022"]
[Site "Zagreb"]
[Date "2022.07.24"]
[Round "12"]
[White "Vachier-Lagrave, Maxime"]
[Black "Mamedyarov, Shakhriyar"]
[Result "1-0"]
[ECO "C77"]
[WhiteElo "2760"]
[BlackElo "2759"]
[Annotator "TA"]
[PlyCount "77"]
[EventDate "2022.07.20"]
[EventType "tourn"]
[EventCountry "CRO"]
[SourceTitle "playchess.com"]
[Source "ChessBase"]
[SourceQuality "1"]
[TimeControl "300+2"]

1. e4 e5 2. Nf3 Nc6 3. Bb5 a6 4. Ba4 Nf6 5. d3 b5 6. Bb3 Bc5 7. Nc3 {[%emt 0:00:01] 7.c3 is setting a new trend.} d6 {[%emt 0:00:02] C77: Ruy Lopez: 3...a6 4 Ba4 Nf6, unusual lines.} 8. Nd5 h6 {[%emt 0:00:03] Inhibits Bg5.} 9. c3 Rb8 {[%emt 0:00:03] The position is equal.} 10. O-O O-O 11. Re1 Ba7 12. h3 Re8 13. a4 {[%emt 0:00:03] [#] Hoping for axb5.} b4 14. a5 {[%emt 0:00:01] [#]} bxc3 $146 ({Predecessor:} 14... Bd7 15. Bc4 bxc3 16. bxc3 Ra8 17. Nh2 Nxd5 18. Bxd5 Qf6 19. Rf1 Rad8 20. Bc4 Qg6 {1-0 (82) Melia,S (2362)-Karlovich,A (2198) Stockholm 2008}) 15. bxc3 Nxd5 16. Bxd5 Ne7 17. Bc4 Ng6 18. d4 Qf6 19. Qd3 exd4 20. cxd4 Nh4 (20... c5 $14) 21. Nxh4 $16 Qxh4 22. Ra2 ({Don't play} 22. Qf3 $6 Re7 $14) (22. Be3 $16) 22... Rb4 (22... Be6 $14) 23. Rae2 ({Better is} 23. Bd2 $16 Rb8 24. Bc3 (24. Qf3 Qf6 $16)) 23... Qf6 (23... Be6 $14 24. Bxe6 Rxe6) 24. Bd2 $36 {[%emt 0:00:28][%mdl 2048] Keeping Black busy.} Rb2 25. Bc3 Rxe2 26. Rxe2 Qg6 (26... Bb7 $16 {might work better.} 27. Kh2 Qe7) 27. Bxa6 $18 Bd7 28. Bc4 c6 29. a6 Bc8 (29... Qg5 $142 30. Qf3 Rf8) 30. d5 Bd7 31. dxc6 (31. Rb2 $142 {Black must now prevent Rb7.} cxd5 32. Bxd5) 31... Bxc6 32. Bd5 Rc8 33. Bb2 Kh7 34. Kh2 Qg5 $2 (34... Bxd5 {was worth a try.} 35. Qxd5 Qe6) 35. Bxc6 (35. e5+ $142 Qg6 36. Qxg6+ Kxg6 37. Rc2) 35... Rxc6 36. e5+ $2 (36. Rc2 $18 Rxc2 37. Qxc2) 36... g6 $2 {[%emt 0:00:06][%mdl 8192] [#]} (36... Qg6 $11 37. Qxg6+ Kxg6) 37. Qf3 Rc7 38. exd6 Rd7 39. Re8 {[%emt 0:00:02] Weighted Error Value: White=0.34/Black=0.68} 1-0

[Event "Super United Croatia GCT Blitz 2022"]
[Site "Zagreb"]
[Date "2022.07.24"]
[Round "12"]
[White "Dominguez Perez, Leinier"]
[Black "Firouzja, Alireza"]
[Result "0-1"]
[ECO "C78"]
[WhiteElo "2754"]
[BlackElo "2793"]
[Annotator "TA"]
[PlyCount "88"]
[EventDate "2022.07.20"]
[EventType "tourn"]
[EventCountry "CRO"]
[SourceTitle "playchess.com"]
[Source "ChessBase"]
[SourceQuality "1"]
[TimeControl "300+2"]

1. e4 e5 2. Nf3 Nc6 3. Bb5 a6 4. Ba4 Nf6 5. O-O b5 6. Bb3 Bb7 7. d3 Bc5 8. a4 O-O 9. Nc3 Na5 {[%emt 0:00:41] The main line 9...Na5 scores better than 9...b4.} 10. Bd5 {[%emt 0:00:35] C78: Ruy Lopez: Archangelsk and Möller Defences.} Nxd5 11. Nxd5 Nc6 {[%emt 0:00:19] Inhibits b4.} 12. Be3 {[%emt 0:00:39] [#] The position is equal.} Bd6 $146 ({Predecessor:} 12... d6 13. Bxc5 dxc5 14. axb5 axb5 15. Rxa8 Bxa8 16. Ne3 f6 17. Nd2 Nd4 18. f4 exf4 19. Rxf4 {1-0 (111) Stellwagen,D (2489)-Hector,J (2518) Pulvermuehle 2004}) 13. c4 bxc4 14. dxc4 a5 15. c5 Be7 16. Qc2 Re8 17. Rfd1 h6 18. Rd2 Bf8 19. Rad1 Re6 (19... d6 $11) 20. h3 Rb8 21. Qc3 Ba8 22. Rd3 Nb4 23. Nxb4 axb4 24. Qc4 Bc6 25. b3 Qf6 (25... Qe8 $14) 26. Nd2 (26. Ne1 $16) 26... Qg6 27. f3 Kh8 28. Bf2 Be7 29. Nf1 f5 30. Ng3 fxe4 31. Nxe4 Rf8 32. Kh2 $2 {[%emt 0:00:05][%mdl 8192] [#]} (32. a5 $16 {and life is bright.}) 32... Bg5 $2 {[%emt 0:00:17] Against R1d2} (32... Bxe4 $19 33. Qxe4 Qxe4 34. fxe4 Rxf2 35. Rxd7 Bxc5 36. Rxc7 Be3 37. Rd8+ Kh7) 33. Bg3 $16 Bf4 34. Bxf4 (34. Qxb4 $16 Ra8 35. Qe1 (35. Bxf4 exf4 36. Rd4 Re5 $16)) 34... exf4 $11 35. Rd4 Rfe8 $1 (35... Bxe4 $2 36. Rxe4 Qg3+ 37. Kh1 $18) 36. Qxb4 Bxe4 37. Rxe4 Rxe4 38. fxe4 {[%emt 0:00:01][%mdl 4096] Endgame KQR-KQR} Qg3+ $40 {[%emt 0:00:07][%mdl 128] Black has some attack.} 39. Kh1 $2 (39. Kg1 $11) 39... f3 $19 {[%emt 0:00:00][%csl Gf3][%cal Rg3g2] [#]} 40. Qd2 Rxe4 {[%emt 0:00:03] Black mates.} 41. Rg1 Re2 42. Qd5 f2 43. Rf1 Re1 44. Qc4 Qe3 {[%emt 0:00:04] Weighted Error Value: White=0.71/Black=0.25 (precise)} (44... Qe5 $142 45. Qc1 Rxc1 46. Rxc1 Qe1+ 47. Rxe1 fxe1=Q+ 48. Kh2 Qe5+ 49. Kh1 Qxc5 50. g4 d5 51. b4 Qf2 52. a5 d4 53. a6 d3 54. a7 Qxa7 55. Kg2 Qe3 56. g5 d2 57. gxh6 d1=Q 58. hxg7+ Kxg7 59. h4 Qdg1#) 0-1

[Event "Super United Croatia GCT Blitz 2022"]
[Site "Zagreb"]
[Date "2022.07.24"]
[Round "12"]
[White "Topalov, Veselin"]
[Black "Van Foreest, Jorden"]
[Result "1-0"]
[ECO "A13"]
[WhiteElo "2728"]
[BlackElo "2678"]
[Annotator "TA"]
[PlyCount "145"]
[EventDate "2022.07.20"]
[EventType "tourn"]
[EventCountry "CRO"]
[SourceTitle "playchess.com"]
[Source "ChessBase"]
[SourceQuality "1"]
[TimeControl "300+2"]

1. c4 e6 2. Nf3 d5 3. b3 Nf6 4. Bb2 b6 5. cxd5 exd5 6. g3 {[%emt 0:00:01] A13: English Opening: 1...e6.} Bb7 7. Bg2 Nbd7 8. O-O {[%emt 0:00:02] The position is equal.} g6 9. d4 Bg7 10. Nc3 O-O 11. e3 Re8 12. Rc1 (12. Ne2 {is more complex.} Ne4 13. Nf4 Ndc5 14. Ne5) 12... c6 {[%emt 0:00:37] [#] Prevents Nb5.} 13. Rc2 $5 $146 {[%emt 0:00:02][%mdl 8] An interesting novelty.} ({Predecessor:} 13. Ne2 Ne4 14. Nf4 Rc8 15. Rc2 a5 16. Qc1 b5 17. Nd3 b4 18. Rd1 c5 19. Nxc5 Ndxc5 20. dxc5 Bxb2 21. Qxb2 {½-½ (39) Artemiev,V (2761)-Wei,Y (2741) Danzhou 2019}) 13... a5 14. Qc1 Rc8 15. Rd1 Qe7 16. Bh3 Rcd8 17. Ba3 $1 c5 18. Nd2 h5 19. Na4 (19. Bg2 $5 ) 19... Ng4 20. Nf1 Qf6 21. Bb2 (21. Bg2 $5 ) 21... c4 22. Nc3 Bc6 ({Better is} 22... Nb8 $11) 23. bxc4 $14 dxc4 24. d5 Bb7 {[%emt 0:00:04] [#]} 25. Ne4 $1 Qe7 26. Bxg7 (26. Rxc4 $2 Bxb2 27. Qxb2 Nde5 28. Bxg4 (28. d6 $2 Nf3+ 29. Kg2 Qe5 $19) 28... Nxc4 29. Nf6+ Kh8 $19) 26... Kxg7 (26... Qxe4 27. Bg2 (27. Rxc4 Qe7 $16) 27... Qe7 28. Bd4 $16 (28. d6 Qe6 $14)) 27. Bg2 (27. Rxc4 Nde5 28. Bg2 (28. Rc7 $2 Nf3+ 29. Kh1 Qxe4 $19) 28... Nxc4 29. Qxc4 Ne5 $17) (27. Bxg4 hxg4 28. Nc3 (28. Rxc4 $2 Ne5 $19) 28... Ne5 $17) 27... Ndf6 (27... Nde5 $1 $11 {remains equal.}) 28. d6 (28. Qb2 $142 $1) 28... Qxe4 $4 {[%emt 0:00:35][%mdl 8192] Black cannot hold the game after this.} (28... Qd7 $16 {was necessary.} 29. Nxf6 Nxf6) 29. Bxe4 $18 Nxe4 30. Qb2+ (30. Rxc4 Nexf2 31. e4 Nxd1 32. Qxd1 Re6 $11) 30... Kh7 31. Qxb6 Rd7 32. h4 (32. f3 Ng5 33. Qxb7 (33. Rxc4 $2 Bxf3 34. Nd2 Rxd6 $19) (33. Qxa5 $2 Re5 $19) 33... Rxb7 $11) 32... Ne5 33. Nh2 {[%emt 0:00:01] Inhibits Nf3+. aiming for f4.} Re6 34. Rd4 {[%emt 0:00:32] Threatens to win with f4.} c3 $2 (34... Nxd6 35. Qc5 (35. Qxa5 Nc6 $18) 35... Rd8) 35. a3 Bc6 (35... Nxd6 $142 36. Qxa5 Nc6 37. Qxc3 Nxd4 38. Qxd4 Ree7) 36. f3 Nxg3 37. f4 ({Weaker is} 37. Qxa5 Bxf3 38. Qxc3 Ne2+ 39. Rxe2 Bxe2 $18) 37... Be4 $2 (37... Rb7 38. Qxb7 (38. Qxa5 Rb1+ 39. Kf2 Nh1+ 40. Ke2 Ng3+ 41. Kf2 Nh1+ 42. Ke2 Ng3+ 43. Kf2 $11) 38... Bxb7) 38. Rxe4 {[%emt 0:00:05] White is clearly winning.} Nxe4 39. fxe5 Rxe5 40. Nf3 Rd5 41. Kg2 R5xd6 (41... Kg7 $142 42. Rc1 R7xd6) 42. Qxa5 Rd2+ 43. Nxd2 cxd2 {[%emt 0:00:01] [#]} 44. Rxd2 $3 Rxd2+ {[%emt 0:00:01][%mdl 4096] Endgame KQ-KRN} 45. Kf3 f5 {[%emt 0:00:03][%csl Ge4][%cal Rd2f2] [#]} 46. Kf4 $1 Rd7 {[%emt 0:00:13] Inhibits Qa7.} 47. a4 Nf6 48. Qb5 Re7 49. a5 {[%emt 0:00:00] And now a6 would win.} Re4+ 50. Kf3 (50. Kg5 $142 Ng8 51. Qb7+ Re7 52. Qb6) 50... Ng4 51. a6 Rxe3+ 52. Kf4 Kh6 53. a7 Re4+ 54. Kf3 Re3+ {[%emt 0:00:01] [#]} 55. Kg2 $1 Ra3 56. Qb8 Ra2+ 57. Kf1 Ne3+ 58. Ke1 Kh7 {[%emt 0:00:06] Against Qh8+} 59. a8=Q Rxa8 60. Qxa8 Ng2+ 61. Kf2 Nxh4 62. Kg3 g5 63. Qd8 f4+ 64. Kh3 Kg6 65. Qd6+ Kg7 66. Qe7+ Kg6 67. Kh2 Nf3+ 68. Kg2 Nh4+ 69. Kf2 Kf5 70. Qf7+ Kg4 71. Qe6+ Nf5 72. Qd7 h4 73. Qd1+ {Weighted Error Value: White=0.27 (precise) /Black=0.54} 1-0

[Event "Super United Croatia GCT Blitz 2022"]
[Site "Zagreb"]
[Date "2022.07.24"]
[Round "12"]
[White "Saric, Ivan"]
[Black "Nepomniachtchi, Ian"]
[Result "0-1"]
[ECO "C42"]
[WhiteElo "2680"]
[BlackElo "2766"]
[Annotator "TA"]
[PlyCount "126"]
[EventDate "2022.07.20"]
[EventType "tourn"]
[EventCountry "CRO"]
[SourceTitle "playchess.com"]
[Source "ChessBase"]
[SourceQuality "1"]
[TimeControl "300+2"]

1. e4 e5 2. Nf3 Nf6 3. Nxe5 d6 4. Nf3 Nxe4 5. d4 d5 6. Bd3 Nc6 7. O-O Be7 8. Nbd2 {[%emt 0:00:03] is recently more successful than 8.c4.} Bf5 9. Re1 Nxd2 {[%emt 0:00:02] C42: Petroff Defence: 3 Nxe5 and unusual White 3rd moves.} 10. Qxd2 Qd7 11. Bxf5 Qxf5 {[%emt 0:00:01] White has an edge.} 12. Ne5 Nd8 {[%emt 0:00:01] [#]} 13. Qd3 $146 (13. Qa5 {seems wilder.} c6 14. c4 f6 15. Nf3) ({Predecessor:} 13. Qa5 c6 14. c4 f6 15. h3 O-O 16. Ng4 Qd7 17. cxd5 cxd5 18. Ne3 Nc6 19. Qxd5+ Qxd5 20. Nxd5 {½-½ (43) Boldysh,K (2403)-Dunlop,G (2536) ICCF email 2019}) 13... Qxd3 14. Nxd3 Ne6 15. Nf4 (15. c3 $14) 15... Nxf4 $1 $11 16. Bxf4 Kd7 17. c3 Rhe8 18. g4 Bf8 19. Kg2 b5 20. Bd2 Rxe1 21. Rxe1 {[%emt 0:00:21][%mdl 4096] Endgame KRB-KRB} a5 22. h4 b4 23. h5 bxc3 24. Bxc3 a4 25. Kf3 Ra6 26. Ke2 Rc6 27. Kd3 Rf6 28. Rf1 a3 29. b4 (29. f4 $11) 29... Rf3+ $19 30. Kc2 Kc6 31. Bd2 Kb5 32. Be3 Bxb4 33. Kd3 Rf6 {[%emt 0:00:29] Prevents h6.} (33... Rh3 $1 $19 {and Black stays clearly on top. Strongly threatening ...c5.} 34. Rc1 Bd6 35. Rb1+ Kc6) 34. Rb1 {[%emt 0:00:01] Black must now prevent Bd2.} Ka4 35. Rc1 Ba5 36. Rc5 c6 37. f4 Bb4 38. Rc2 (38. Rc1 $15 {might be stronger.}) 38... g6 (38... Re6 $17) 39. g5 $11 Re6 40. Rh2 {[%emt 0:00:02] [#]} (40. f5 $11 gxf5 41. Rf2) 40... Re7 $1 $17 41. hxg6 fxg6 42. Rh1 Bd6 43. Rc1 Kb5 44. Rb1+ Ka6 45. Rc1 Kb6 46. Rb1+ Kc7 47. Rh1 Rf7 48. Bc1 Kd7 ({Don't take} 48... Bxf4 49. Rf1 Bxc1 50. Rxf7+ Kb6 51. Rxh7 $16) 49. Ke2 Ke6 50. Kf3 Rb7 {[%emt 0:00:02] Hoping for ...Rb1.} 51. Re1+ (51. Rh2 $17 {keeps fighting.}) 51... Kf5 $19 52. Re8 {[%emt 0:00:01][%cal Oc1a3] [#]} Rb1 (52... Rb8 $1 $17 53. Rxb8 Bxb8) 53. Be3 $2 (53. Bxa3 $11 Rb8 54. Rxb8 Bxb8 55. Bc1) 53... Rf1+ {[%emt 0:00:02] Black is clearly winning.} 54. Ke2 Ra1 55. Kf3 Rxa2 56. Rd8 Ke6 57. Re8+ Kd7 58. Ra8 Rh2 59. Ra7+ Ke6 {[%emt 0:00:01] aiming for ...Rh3+.} 60. Kg3 Rc2 61. Kf3 Rc3 62. Ke2 Kf5 {[%emt 0:00:02] ...Ke4 is the strong threat.} 63. Bd2 Rh3 {[%emt 0:00:03] Weighted Error Value: White=0.43/Black=0.13 (very precise)} 0-1

[Event "Super United Croatia GCT Blitz 2022"]
[Site "Zagreb"]
[Date "2022.07.24"]
[Round "13"]
[White "Carlsen, Magnus"]
[Black "Dominguez Perez, Leinier"]
[Result "1/2-1/2"]
[ECO "C44"]
[WhiteElo "2864"]
[BlackElo "2754"]
[Annotator "TA"]
[PlyCount "76"]
[EventDate "2022.07.20"]
[EventType "tourn"]
[EventCountry "CRO"]
[SourceTitle "playchess.com"]
[Source "ChessBase"]
[SourceQuality "1"]
[TimeControl "300+2"]

1. e4 e5 2. Nf3 Nf6 3. d3 Nc6 4. g3 Bc5 5. Bg2 d6 6. O-O O-O {[%emt 0:00:05] C44: Ponziani Opening and Scotch Gambit.} 7. c3 a5 8. Re1 Re8 9. h3 h6 {[%emt 0:00:05] [#]} 10. Nbd2 $146 ({Predecessor:} 10. d4 Ba7 11. Be3 exd4 12. Nxd4 Ne5 13. Nc2 Bxe3 14. Nxe3 Bd7 15. Qc2 Qc8 16. f4 {½-½ (57) Duda,J (2729)-Anand,V (2764) Paris 2019}) 10... Bd7 11. Qe2 a4 12. Nf1 b5 13. Be3 Bxe3 14. Nxe3 Ne7 15. Nh4 c5 16. f4 Qc7 17. Rf1 Ra6 18. Rad1 Rb6 19. Kh1 (19. d4 $11) 19... b4 (19... d5 $17) 20. c4 $11 Nc6 21. Qf2 Be6 (21... exf4 $11 22. Qxf4 Ne5) 22. f5 $14 Bd7 23. g4 (23. Nd5 $16 Nxd5 24. cxd5) 23... Nd4 24. Nf3 Qd8 25. Rd2 Bc6 26. Qg3 Rb7 27. Rdf2 Nh7 28. h4 g5 29. fxg6 fxg6 30. Nxd4 (30. h5 $1 $14 Nxf3 31. Rxf3 (31. Qxf3 Qh4+ 32. Qh3 Qxh3+ 33. Bxh3 Rg7 $14)) 30... cxd4 $11 31. Nd5 {[%emt 0:00:02] aiming for Nf6+.} Rf8 {[%emt 0:00:20] Inhibits Nf6+.} 32. Rxf8+ Nxf8 33. g5 {[%emt 0:00:06] Strongly threatening Nf6+.} hxg5 $2 (33... Bxd5 $11 {and Black has nothing to worry.} 34. exd5 hxg5) 34. Nf6+ $18 ({Stronger than} 34. Qxg5 Qxg5 35. hxg5 Bxd5 36. exd5 Rf7 $15) ({Inferior is} 34. hxg5 Bxd5 35. exd5 Rf7 $11) 34... Kg7 {[%emt 0:00:06] [#]} 35. Qxg5 $2 (35. Bh3 $1 $18 Rf7 36. hxg5) 35... Ne6 $11 {[%emt 0:00:04] The position is equal.} 36. Nh5+ $1 Kh7 37. Nf6+ Kg7 38. Nh5+ $1 Kh7 {Weighted Error Value: White=0.19 (very precise) /Black=0.23 (precise)} 1/2-1/2

[Event "Super United Croatia GCT Blitz 2022"]
[Site "Zagreb"]
[Date "2022.07.24"]
[Round "13"]
[White "Firouzja, Alireza"]
[Black "Vachier-Lagrave, Maxime"]
[Result "0-1"]
[ECO "A37"]
[WhiteElo "2793"]
[BlackElo "2760"]
[Annotator "TA"]
[PlyCount "96"]
[EventDate "2022.07.20"]
[EventType "tourn"]
[EventCountry "CRO"]
[SourceTitle "playchess.com"]
[Source "ChessBase"]
[SourceQuality "1"]
[TimeControl "300+2"]

1. Nf3 c5 2. c4 Nc6 3. Nc3 e5 4. g3 g6 5. Bg2 Bg7 6. O-O Nge7 7. b3 {[%emt 0:00:05] A37: Symmetrical English vs ...g6: 4 Bg2 Bg7 5 Nf3.} d5 $5 {[%emt 0:00:23][%mdl 4] A promising side line.} 8. cxd5 Nxd5 {[%emt 0:00:01][%cal Oe5e4] [#]} 9. Qc2 $146 (9. Bb2 $11) ({Predecessor:} 9. Ba3 Nxc3 10. dxc3 Qa5 11. Bb2 O-O 12. e4 Rd8 13. Qc2 f6 14. Nd2 Be6 15. Rfd1 {½-½ (32) Stanec,N (2562)-Grunberg,M (2403) Oberwart 2004}) 9... Bf5 10. e4 Ndb4 11. Qb1 Be6 12. a3 $1 Nd3 {[%emt 0:00:26] With the idea ...0-0.} 13. Nd5 $1 Bxd5 14. exd5 ({Don't play} 14. Qxd3 Be6 15. Qe3 Nd4 16. Nxd4 exd4 $15) 14... Qxd5 15. Ne1 e4 16. Nxd3 Qxd3 17. Bxe4 Qxb1 18. Rxb1 O-O-O 19. b4 cxb4 20. axb4 Rhe8 21. d3 f5 22. Bg2 Rxd3 23. Bf4 a6 $2 (23... Rc3 $11) 24. b5 $18 axb5 25. Rxb5 Bd4 (25... Re7 $16) 26. Rfb1 $2 (26. Bxc6 $18 {is the precise move to win.} bxc6 27. Rb8+ Kd7 28. Rb7+ Kd8 29. Rfb1) 26... Re7 $16 27. Bg5 {[%emt 0:00:06] This bishop pair is nice.} ({White should play} 27. h4 $16) 27... Rc7 $1 $14 28. Rd5 Rd7 29. Rxd7 Kxd7 30. Rxb7+ Kd6 31. Rxh7 Ne5 {[%emt 0:00:03] ...Rd1+ is the strong threat.} 32. Bf1 (32. Bf4 $11 {keeps the balance.}) 32... Nf3+ $17 33. Kg2 Nxg5 {[%emt 0:00:01] Black is more active.} 34. Rh6 {[%emt 0:00:03] [#]} Rc3 $1 35. Rxg6+ Ne6 {[%emt 0:00:01] aiming for ...Ke7.} 36. f4 (36. Be2 $142) 36... Rc2+ (36... Bg7 $142 {Threatens to win with ...Ke7.} 37. Ba6 Rc5) 37. Kh3 Bg1 38. Bg2 Ke7 {[%emt 0:00:02] Prevents Rf6.} 39. Rh6 Nd4 {[%emt 0:00:11] Strongly threatening ...Re2.} 40. Rh7+ Kf6 {[%emt 0:00:02] And now ...Re2 would win.} 41. Rh6+ Kg7 42. Rd6 {[%emt 0:00:03] [#]} (42. Ra6 $17 {was necessary.}) 42... Kf7 (42... Re2 $1 $19 {Hoping for ...Nc2.} 43. Ra6 Nc2) 43. Rd5 Ke6 44. Re5+ Kf6 45. Rd5 ({White should try} 45. Re1 Bf2 46. Ra1) 45... Nf3 46. Rd1 $11 {[%emt 0:00:07] [#]} Nxh2 $1 47. Rxg1 Ng4 48. Kh4 $2 (48. Rb1 $11) 48... Rc7 {[%emt 0:00:02] Black used his chance.  Weighted Error Value: White=0.45/Black=0.28 (precise)} 0-1

[Event "Super United Croatia GCT Blitz 2022"]
[Site "Zagreb"]
[Date "2022.07.24"]
[Round "13"]
[White "Mamedyarov, Shakhriyar"]
[Black "Nepomniachtchi, Ian"]
[Result "0-1"]
[ECO "B14"]
[WhiteElo "2759"]
[BlackElo "2766"]
[Annotator "TA"]
[PlyCount "98"]
[EventDate "2022.07.20"]
[EventType "tourn"]
[EventCountry "CRO"]
[SourceTitle "playchess.com"]
[Source "ChessBase"]
[SourceQuality "1"]
[TimeControl "300+2"]

1. d4 Nf6 2. c4 e6 3. Nf3 d5 4. Nc3 c5 5. e3 Nc6 6. cxd5 exd5 7. Bb5 cxd4 8. exd4 Bd6 {[%emt 0:00:02] B14: Caro-Kann: Panov-Botvinnik Attack with 5...e6 and 5...g6.} 9. O-O O-O 10. Bg5 Bg4 {[%emt 0:00:02] The position is equal.} 11. Be2 Re8 {[%emt 0:00:02] 11...h6 is the modern continuation.} 12. h3 Be6 {[%emt 0:00:09] [#]} 13. Bb5 $146 ({Predecessor:} 13. Bd3 h6 14. Bh4 a6 15. Qd2 Rc8 16. Rad1 Be7 17. Rfe1 b5 18. a3 Na5 19. Bb1 {1-0 (70) Stanec,N (2465)-Dragnev,V (2499) Vienna 2018}) 13... h6 14. Bh4 g5 15. Bg3 Ne4 16. Bxd6 Qxd6 17. Ne5 f6 18. Qh5 fxe5 19. Qg6+ Kf8 {[%emt 0:00:05] aiming for ...Bg8.} 20. Nxe4 dxe4 21. Qf6+ Kg8 22. Qg6+ Kf8 {[%emt 0:00:01] Strongly threatening ...Ke7.} 23. Qxh6+ (23. Bxc6 $11 bxc6 24. Qf6+ Kg8 25. Qg6+ Kf8 26. Qf6+ Kg8 27. Qg6+ Kf8) 23... Kf7 (23... Ke7 $1 $15 24. Qxg5+ Kf7) 24. Qh5+ ({White should play} 24. d5 $11 Qxd5 25. Qh7+ Kf8 26. Qh6+ Ke7 27. Bxc6 Qxc6 28. Rfc1) 24... Kf6 $15 25. Qh6+ Kf7 (25... Ke7 $1 $15 {is more appropriate.} 26. Qxg5+ Kd7 27. dxe5 Qb4 28. Bxc6+ bxc6) 26. Qh5+ (26. Qh7+ $11 Kf6 27. Qh6+ Kf7) 26... Ke7 $1 27. Qxg5+ Kd7 28. dxe5 Qc5 (28... Qb4 $15 29. Rfd1+ Kc7 30. Bxc6 bxc6) 29. Rfd1+ (29. Bxc6+ $5 bxc6 30. Rac1 $14) 29... Kc7 {[%emt 0:00:01] The board is on fire.} 30. Bxc6 bxc6 31. Rac1 Qe7 32. Qe3 {[%emt 0:00:14] Hoping for Rd6.} Red8 {[%emt 0:00:00] Prevents Rd6.} 33. Rxd8 Qxd8 34. Qxe4 Bd5 (34... Qd7 $1 $11 {remains equal.}) 35. Qh7+ Kb6 {[%emt 0:00:03] ...Qg5 is the strong threat.} 36. Qh6 {[%emt 0:00:17] Against Qg5} Rb8 (36... Qe7 $11) 37. b3 ({Better is} 37. Qe3+ $16 Kb7 38. f4) 37... Kb7 $40 {[%emt 0:00:09][%mdl 128] Black is up to no good.} 38. e6 Qg8 {[%emt 0:00:04][%csl Gd5,LRe6,LRg2][%cal Rg8g2] Against Qg7+} 39. g4 Bxe6 40. Re1 Re8 41. f4 Bd5 42. Kf2 Rxe1 43. Kxe1 Qe8+ 44. Kf2 (44. Kd2 $1 $11) 44... Qe4 $15 {[%emt 0:00:01] White must now prevent ...Qf3+. Black is more active.} 45. Qg7+ {[%emt 0:00:06] [#]} ({White should try} 45. f5) 45... Ka6 $1 $17 46. Qf8 (46. Qe5 $17 {was called for.} Qf3+ 47. Ke1 Qxh3 48. Qe2+ Kb6 49. Kd2) 46... Qf3+ $19 47. Ke1 Qe3+ ({Stronger than} 47... Qxh3 48. Qa3+ Kb5 49. Qa4+ Kc5 50. Qxa7+ Kb4 51. Qd4+ Ka3 52. Qa7+ Kb2 53. Qf2+ Kc1 54. Qd2+ Kb1 55. g5 $15) 48. Kd1 Qd3+ ({Not} 48... Qxh3 49. Qc8+ Kb6 50. Qb8+ Kc5 51. Qxa7+ Kd6 52. Qb8+ Kd7 53. Qb7+ Kd6 54. Qb8+ Kc5 55. Qa7+ Kd6 56. Qb8+ $11) 49. Kc1 $2 {[%emt 0:00:01][%mdl 8192] [#]} (49. Ke1 $17) 49... Qc3+ {[%emt 0:00:02] Weighted Error Value: White=0.33/Black=0.15 (very precise)} 0-1